 Dungeon Sprint DCSS version 0.17-a0-1718-g72dbe4d (webtiles) character file.

40 Kidiri the Covered (level 3, 0/34 HPs)
             Began as a Minotaur Fighter on Aug 25, 2015.
             Was an Initiate of Okawaru.
             Slain by a gnoll
             ... wielding a +0 club
              (5 damage)
             ... in the Dungeon (Sprint VII: "The Pits").
             The game lasted 00:00:51 (162 turns).

Kidiri the Covered (Minotaur Fighter)                Turns: 162, Time: 00:00:51

Health: 0/34       AC:  7    Str: 21    XL:     3   Next: 30%
Magic:  2/2        EV:  8    Int:  5    God:    Okawaru [......]
Gold:   0          SH:  9    Dex:  9    Spells: 0 memorised, 2 levels left

rFire  . . .     SeeInvis .     a - +0 war axe
rCold  . . .     Clarity  .     b - +0 scale mail
rNeg   . . .     SustAt   .     c - +0 shield
rPois  .         Gourm    .     (helmet restricted)
rElec  .         Spirit   .     (no cloak)
rCorr  .         Warding  .     (no gloves)
rMut   .         NoTele   +     (no boots)
MR     .....                    (no amulet)
Stlth  ..........               (no ring)
                                (no ring)

@: not resistant to hostile enchantments, extremely unstealthy
A: retaliatory headbutt, horns 2
a: Renounce Religion


You were in the Dungeon.
You worshipped Okawaru.
Okawaru was noncommittal.
You were not hungry.

You visited 1 branch

Inventory:

Hand weapons
 a - a +0 war axe (weapon)
Armour
 b - a +0 scale mail (worn)
 c - a +0 shield (worn)
Scrolls
 k - a scroll of blinking
 o - 3 scrolls of remove curse
 p - 5 scrolls of amnesia
 q - a scroll of summoning
Potions
 d - a potion of might
 f - a potion of curing
 g - a potion of heal wounds
 h - a potion of haste
 i - 4 potions of magic
 j - 3 potions of berserk rage
 n - 2 potions of invisibility
Comestibles
 e - 8 bread rations
 l - 40 fruits
 m - 7 meat rations
 r - 2 chunks of flesh


   Skills:
 + Level 4.4 Fighting
 * Level 4.3 Axes
 * Level 5.6 Armour
 + Level 2.1 Dodging
 * Level 5.1 Shields
 + Level 1.2 Invocations


You had 2 spell levels left.
You didn't know any spells.

Dungeon Overview and Level Annotations

Branches:
Dungeon (1/1)

Altars:
Ashenzari
Cheibriados
Dithmenos
Elyvilon
Fedhas
Gozag
Kikubaaqudgha
Makhleb
Nemelex Xobeh
Okawaru
Qazlal
Ru
Sif Muna
Trog
Vehumet
Xom
Yredelemnul
Zin
The Shining One
Beogh
Jiyva
Lugonu


Innate Abilities, Weirdness & Mutations

You reflexively headbutt those who attack you in melee.
You have a pair of horns on your head.


Message History

The gnoll is moderately wounded.
You barely miss the gnoll shaman.
The gnoll shaman is severely wounded.
The gnoll barely misses you. You furiously retaliate!
You headbutt the gnoll, but do no damage.
You block the gnoll shaman's attack. The gnoll hits you but does no damage.
You block the gnoll's attack.
Unknown command.
You closely miss the gnoll. You headbutt the gnoll!
The gnoll is heavily wounded.
You barely miss the gnoll.
The gnoll is moderately wounded.
You hit the gnoll shaman.
The gnoll shaman is almost dead.
The gnoll hits you.
* * * LOW HITPOINT WARNING * * *
The gnoll shaman hits you with a club.
* * * LOW HITPOINT WARNING * * *
The gnoll hits you with a club.
You die...

#.#####+#############
#_#)))+.+..##........
#_#)))#.#?(##......#.
#######+#####........
#..........)+........
#+#####+#####......#.
#...#.# #........
#...#.# ####+####
#g@g+.# #.......#
##g#### #.......# g..
#.......# #....
#...<...# #.....
#.......# #......
#.......# ########
#.......# #########


You could see a gnoll shaman and 3 gnolls.

Vanquished Creatures
  3 gnolls (D)
  An ufetubus (D)
  A bat zombie (D)
  A hobgoblin (D)
  2 ball pythons (D)
  A giant newt (D)
  A rat (D)
10 creatures vanquished.

Notes
Turn   | Place    | Note
--------------------------------------------------------------
     0 | D        | Kidiri the Minotaur Fighter began the quest for the Orb.
     0 | D        | Reached XP level 1. HP: 19/19 MP: 0/0
    32 | D        | Reached skill level 4 in Fighting
    32 | D        | Reached skill level 1 in Dodging
    32 | D        | Reached XP level 2. HP: 21/27 MP: 1/1
    58 | D        | Found a sacrificial altar of Ru.
    58 | D        | Found a basalt altar of Yredelemnul.
    58 | D        | Found a shadowy altar of Dithmenos.
    58 | D        | Found a deep blue altar of Sif Muna.
    58 | D        | Found a burning altar of Makhleb.
    58 | D        | Found a shimmering altar of Xom.
    58 | D        | Found an ancient bone altar of Kikubaaqudgha.
    58 | D        | Found a sparkling altar of Nemelex Xobeh.
    59 | D        | Found a glowing golden altar of the Shining One.
    59 | D        | Found a bloodstained altar of Trog.
    59 | D        | Found a shattered altar of Ashenzari.
    59 | D        | Found a white marble altar of Elyvilon.
    59 | D        | Found a snail-covered altar of Cheibriados.
    59 | D        | Found a blossoming altar of Fedhas.
    59 | D        | Found a radiant altar of Vehumet.
    59 | D        | Found a glowing silver altar of Zin.
    59 | D        | Found a corrupted altar of Lugonu.
    59 | D        | Found a viscous altar of Jiyva.
    59 | D        | Found a roughly hewn altar of Beogh.
    59 | D        | Found an iron altar of Okawaru.
    65 | D        | Found a stormy altar of Qazlal.
    66 | D        | Found an opulent altar of Gozag.
    68 | D        | Became a worshipper of Warmaster Okawaru
   149 | D        | Noticed a gnoll shaman
   152 | D        | Reached skill level 5 in Armour
   152 | D        | Reached skill level 1 in Invocations
   153 | D        | Reached XP level 3. HP: 30/33 MP: 2/2
   158 | D        | Reached skill level 5 in Shields
   162 | D        | Slain by a gnoll

Vault maps used:
D:        pitsprint

Action                   || total
-------------------------++-------
Melee: War axe           ||    24
